 Dungeon Crawl Stone Soup version 0.31-a0-1612-g4aaf141004 (webtiles) character file.

Game seed: 6278728368273694556

174 Malachi the Ducker (level 5, 0/42 HPs)
             Began as a Merfolk Gladiator on Jan 9, 2024.
             Incinerated by a bombardier beetle (3 damage)
             ... with a burning spray
             ... on level 3 of the Dungeon.
             The game lasted 00:02:38 (1558 turns).

Malachi the Ducker (Merfolk Gladiator)              Turns: 1558, Time: 00:02:39

Health: 0/42       AC:  8    Str: 16    XL:     5   Next: 54%
Magic:  5/5        EV: 14    Int:  7    God:
Gold:   74         SH:  0    Dex: 16    Spells: 4/4 levels left

rFire   . . .        a - +0 trident
rCold   . . .        (no shield)
rNeg    . . .        b - +0 leather armour
rPois   .            c - +0 helmet
rElec   .            (no cloak)
rCorr   .            (no gloves)
SInv    .            (no boots)
Will    .....        (no amulet)
Stlth   +            h - +4 ring of protection
HPRegen 0.27/turn    (no ring)
MPRegen 0.09/turn

%: no passive effects
@: mighty, on fire, glowing
A: (nimble swimmer 2), mertail
a: no special abilities


You were on level 3 of the Dungeon.
You visited 1 branch of the dungeon, and saw 3 of its levels.

You collected 74 gold pieces.

Inventory:

Hand Weapons
 a - a +0 trident (weapon)
Missiles
 d - 3 throwing nets (quivered)
 e - a javelin
Armour
 b - a +0 leather armour (worn)
 c - a +0 helmet (worn)
Jewellery
 h - a +4 ring of protection (left hand)
Talismans
 m - a maw talisman
Scrolls
 f - a scroll of summoning {unknown}
 g - a scroll of teleportation {unknown}
 i - a scroll of poison {unknown}
 k - 2 scrolls of noise {unknown}
 l - a scroll of enchant armour {unknown}
Potions
 j - a potion of curing {unknown}
 n - 2 potions of might
 o - a potion of lignification {unknown}


   Skills:
 + Level 3.8 Fighting
 + Level 5.4 Polearms
 - Level 2.0 Throwing
 + Level 5.4 Dodging
 + Level 1.9 Shapeshifting


You had 4 spell levels left.
You didn't know any spells.
Your spell library was empty.

Dungeon Overview and Level Annotations

Branches:
Dungeon (3/15)

Altars:


Innate Abilities, Weirdness & Mutations

((You are very nimble when in or above water. (Stealth+, EV+, Speed+++)))
Your lower body shifts to a powerful aquatic tail in water.


Message History

The bombardier beetle is almost dead.
The liquid fire burns you!
The bombardier beetle sprays incendiary fluid at you.
The burning spray hits you.
You are even more covered in liquid fire!
Reach: a) +0 trident
Press: ? - help, Dir - move target, f/p - bombardier beetle
Aim: a bombardier beetle (almost dead, about 28% to evade your +0 trident)
You reach to attack!
You hit the bombardier beetle but do no damage.
The bombardier beetle is almost dead.
The liquid fire burns you!
Reach: a) +0 trident
Press: ? - help, Dir - move target, f/p - bombardier beetle
Aim: a bombardier beetle (almost dead, about 28% to evade your +0 trident)
You reach to attack!
You hit the bombardier beetle but do no damage.
The bombardier beetle is almost dead.
The liquid fire burns you!
* * * LOW HITPOINT WARNING * * *
The bombardier beetle sprays incendiary fluid at you.
The burning spray hits you.
You are even more covered in liquid fire!
Reach: a) +0 trident
Press: ? - help, Dir - move target, f/p - bombardier beetle
Aim: a bombardier beetle (almost dead, about 28% to evade your +0 trident)
You reach to attack!
You hit the bombardier beetle.
You kill the bombardier beetle!
The liquid fire burns you!
* * * LOW HITPOINT WARNING * * *
You are on fire!
You are on fire!
You are on fire!
You shake off some of the fire as you move.
The liquid fire burns you!
* * * LOW HITPOINT WARNING * * *
It was a potion of might.
You feel very mighty all of a sudden. The liquid fire burns you!
You die...

#... #.#
##.#.##.#
##....##.#
#.#>#.##.# #
........####.#
#.#.#.........#
#..........#####
#...$........
#)@....##.#..
#<.....#
#.#.#..#
...##.#.# .####
..:.# # .#.##
#..># . #


There were no monsters in sight!

Vanquished Creatures
  A bombardier beetle (D:3)
  Terence (D:3)
  An adder (D:2)
  4 gnolls (D:2)
  2 dart slugs (D:1)
  9 endoplasms
  A giant cockroach (D:2)
  8 goblins
  6 hobgoblins
  4 jackals (D:2)
  2 quokkas
  2 ball pythons
  6 bats
  2 frilled lizards (D:1)
  4 kobolds
  8 rats
61 creatures vanquished.

Notes
Turn   | Place    | Note
-------+----------+-------------------------------------------
     0 | D:1      | Malachi the Merfolk Gladiator began the quest for the Orb.
     0 | D:1      | Reached XP level 1. HP: 16/16 MP: 1/1
   124 | D:1      | Reached XP level 2. HP: 23/23 MP: 2/2
   276 | D:1      | Reached XP level 3. HP: 28/28 MP: 3/3
   297 | D:1      | Found a faded altar of an unknown god.
   609 | D:1      | You fall into a shaft and drop 1 floor!
  1021 | D:2      | Reached XP level 4. HP: 33/35 MP: 4/4
  1277 | D:2      | Reached skill level 5 in Dodging
  1282 | D:2      | Reached skill level 5 in Polearms
  1282 | D:2      | Reached skill level 1 in Shapeshifting
  1518 | D:3      | Noticed Terence
  1524 | D:3      | Killed Terence
  1525 | D:3      | Reached XP level 5. HP: 38/42 MP: 5/5
  1557 | D:3      | HP: 2/42 [burnt (4)]
  1558 | D:3      | Incinerated by a bombardier beetle

Illustrated notes

Levels and vault maps discovered:
D:1:      sevenhm_arrival_forest_fort_large_4, layout_rooms,
          hellmonk_ecumenical_altar_arch_garden
D:2:      minmay_chambers_of_ones, layout_basic, chequers_serial_rivers_micro_b,
          guppyfry_early_lair_pool
D:3:      layout_loops_ring, uniq_terence

Skill      XL: |  1  2  3  4 |
---------------+-------------+-----
Fighting       | 3 |  3.8
Dodging        | 5 |  5.4
Polearms       | 5 |  5.4
Shapeshifting  | 1 |  1.9
Throwing       | |  2.0

Action                     |  1- 3 |  4- 6 || total
---------------------------+-------+-------++-------
  Melee: Trident           |   128 |    65 ||   193
         Punch             |       |     1 ||     1
    Use: Potion            |       |     1 ||     1
   Stab: Sleeping          |     1 |     1 ||     2
 Armour: Leather armour    |    20 |    18 ||    38
         Scale mail        |    42 |       ||    42
  Dodge: Dodged            |   100 |    28 ||   128

Table legend: (Time is in decaauts)
 A = Elapsed time spent in this place.
 B = Non-inter-level travel time spent in this place.
 C = Inter-level travel time spent in this place.
 D = Time resting spent in this place.
 E = Time spent auto-exploring this place.
 F = Levels seen in this place.
 G = Mean time per level.
                   A        B        C        D        E       F      G
               +--------+--------+--------+--------+--------+-----+--------+
         Total |   1567 |   1488 |     79 |      0 |   1095 |   3 |  522.3 |
       Dungeon |   1567 |   1488 |     79 |      0 |   1095 |   3 |  522.3 |
               +--------+--------+--------+--------+--------+-----+--------+

Top non-repeatable levels by time:
     D:1: 786 daAuts
     D:2: 741 daAuts
     D:3: 40 daAuts
